 Dungeon Crawl Stone Soup version 0.27-a0-423-gf312af23e9 (webtiles) character file.

Game seed: 9002163420241838969

1955 rageheart7 the Fighter (level 8, -11/70 HPs)
             Began as a Demonspawn Gladiator on Feb 26, 2021.
             Was a Follower of Qazlal.
             Mangled by a two-headed ogre
             ... wielding a +0 giant spiked club
              (31 damage)
             ... on level 8 of the Dungeon.
             The game lasted 00:08:54 (7766 turns).

rageheart7 the Fighter (Demonspawn Gladiator)       Turns: 7766, Time: 00:08:55

Health: -11/70     AC:  5    Str: 16    XL:     8   Next: 99%
Magic:  8/8        EV: 13    Int:  9    God:    Qazlal [*.....]
Gold:   391        SH:  5    Dex: 16    Spells: 7/7 levels left

rFire    . . .     SeeInvis .   h - +4 quarterstaff (chaos)
rCold    . . .     Faith    .   (shield currently unavailable)
rNeg     . . .     Spirit   .   b - +0 leather armour
rPois    .         Reflect  .   c - +1 helmet
rElec    +         Harm     .   w - scarf {shadows}
rCorr    .         Rampage  .   (no gloves)
Will     .....     Clarity  +   (boots unavailable)
Stlth    +++.......             (no amulet)
HPRegen  0.21/turn              (no ring)
MPRegen  0.11/turn              (no ring)

@: no status effects
A: talons 3, large bone plates 1, camouflage 1, clarity, electricity resistance,
evolution 1, MP-powered wands
a: Renounce Religion


You were on level 8 of the Dungeon.
You worshipped Qazlal.
Qazlal was aware of your devotion.
You visited 2 branches of the dungeon, and saw 9 of its levels.

You collected 391 gold pieces.

Inventory:

Hand Weapons
 h - a +4 quarterstaff of chaos (weapon)
 y - a +2 rapier of electrocution
Missiles
 d - 5 throwing nets (quivered)
Armour
 b - a +0 leather armour (worn)
 c - a +1 helmet (worn)
 e - a +0 cloak
 f - a +0 pair of boots
 w - a scarf of shadows (worn)
Jewellery
 m - a +6 ring of intelligence
Wands
 t - a wand of polymorph (11)
 u - a wand of paralysis (14)
 z - a wand of flame (16)
Scrolls
 i - 2 scrolls of teleportation
 j - a scroll of fear {unknown}
 s - a scroll of magic mapping
Potions
 a - a potion of haste
 g - 5 potions of curing
 l - a potion of heal wounds {unknown}
 n - a potion of cancellation
 o - a potion of lignification {unknown}
 p - 2 potions of brilliance
 q - 2 potions of flight {unknown}
 x - 2 potions of attraction {unknown}
 C - a potion of invisibility {unknown}


   Skills:
 * Level 8.9 Fighting
 - Level 2.6(5.1) Polearms
 + Level 6.8(7.1) Staves
 - Level 1.7 Throwing
 - Level 2.6 Dodging
 - Level 2.0 Stealth


You had 7 spell levels left.
You didn't know any spells.
Your spell library contained the following spells:

 Spells                   Type           Power        Failure   Level
 Sandblast                Erth           0%           45%         1
 Passwall                 Tmut/Erth      0%           58%         2
 Stone Arrow              Conj/Erth      0%           83%         3
 Petrify                  Tmut/Erth      0%           99%         4
 Lee's Rapid Deconstruct  Erth           0%           100%        5


Dungeon Overview and Level Annotations

Branches:
Dungeon (8/15)             Temple (1/1) D:6
   Lair: D:8-11

Altars:
Ashenzari
Cheibriados
Dithmenos
Elyvilon
Fedhas
Gozag
Hepliaklqana
Kikubaaqudgha
Makhleb
Nemelex Xobeh
Okawaru
Qazlal
Ru
Sif Muna
Trog
Uskayaw
Vehumet
Wu Jian
Xom
Yredelemnul
Zin
The Shining One

Shops:
D:6 *   D:7 [

Annotations:
D:7 2 transporters, SkeletonJelly's ghost, novice PaBr


Innate Abilities, Weirdness & Mutations

You have claws for feet.
You are partially covered in large bone plates. (SH +4)
Your skin changes colour to match your surroundings (Stealth+).
You possess an exceptional clarity of mind.
You are resistant to electric shocks. (rElec)
You evolve.
You expend magic power (3 MP) to strengthen your wands.


Message History

You kill the bullfrog!
Qazlal accepts your kill. The adder bites you.
You sock the adder!
You kill the adder!
Qazlal accepts your kill.
No target in view!
j - a scroll labelled GASUR FYGEABB You see here an adder corpse.
A two-headed ogre comes into view.
It is wielding two +0 giant spiked clubs.
The two-headed ogre shouts in stereo!
You hear a bark! x3; You hear a shout!
A jackal comes into view.
You hear a shout!
A jackal and an orc come into view.
You hear a bark! x2
An orc priest comes into view. It is wielding a +0 hand axe.
A jackal comes into view. x2
The orc priest shouts!
The jackal barks!
You hit the two-headed ogre but do no damage.
Your kick misses the two-headed ogre.
You hear a roar!
An orc comes into view. It is wielding a +0 mace.
The two-headed ogre hits you with a +0 giant spiked club!
The two-headed ogre closely misses you.
The hound barks!
You sock the two-headed ogre!
The two-headed ogre is poisoned.
You claw the two-headed ogre, but do no damage.
The two-headed ogre is lightly wounded.
You hear a shout!
An orc warrior comes into view. It is wielding a +1 vampiric glaive.
You hit the two-headed ogre. You freeze the two-headed ogre.
Your kick misses the two-headed ogre.
The two-headed ogre is moderately wounded.
The two-headed ogre hits you with a +0 giant spiked club!!
The two-headed ogre hits you with a +0 giant spiked club!
* * * LOW HITPOINT WARNING * * *
A four-headed hydra comes into view.
You feel better.
The two-headed ogre hits you with a +0 giant spiked club!!
You die...

.....# #..........# #.......#
.....# #..........# #.......#
.....#######..........###.......#
†.........##.............>......#
.....####.##..........##<.).....#
###### #.##..........##...))...#
#.##.....†....###.......#
#..#####†###### #.......# ##.#
#@# #.......# ...####.# ##O#
#.......# #......## #.h#
####..### ######..###h## ##.###
#<..##.# #...# ##......## ###.#
...>.....h.#### #.#
######...#....## #.# #...####..#
#(#


You could see a two-headed ogre (poisoned), a hound and 2 jackals.

Vanquished Creatures
  Eustachio (D:6)
  2 ice beasts
  3 sky beasts
  2 phantoms
  4 bullfrogs
  2 scorpions
  A quasit (D:8)
  3 hounds
  2 jellies
  Crazy Yiuf (D:3)
  Jessica (D:3)
  5 worker ants
  4 orc wizards
  A hound skeleton (D:5)
  7 adders
  11 gnolls
  A howler monkey skeleton (D:4)
  A shadow imp (D:5)
  An ufetubus (D:6)
  An ooze (D:1)
  2 adder zombies
  3 adder skeletons
  4 worms
  A dart slug (D:1)
  6 leopard geckos
  11 orcs
  A ball python (D:5)
  6 giant cockroaches
  3 goblins
  5 hobgoblins
  12 jackals
  4 kobolds
  7 quokkas
  8 bats
  8 frilled lizards
  A jackal skeleton (D:7)
  A quokka skeleton (D:4)
  5 rats
142 creatures vanquished.

Vanquished Creatures (others)
  A scorpion (D:8)
1 creature vanquished.

Grand Total: 143 creatures vanquished

Notes
Turn   | Place    | Note
-------+----------+-------------------------------------------
     0 | D:1      | rageheart7 the Demonspawn Gladiator began the quest for the
                  | Orb.
     0 | D:1      | Reached XP level 1. HP: 16/16 MP: 1/1
    63 | D:1      | Gained mutation: You have sharp toenails. [demonic
                  | ancestry]
    63 | D:1      | Reached XP level 2. HP: 17/23 MP: 2/2
   328 | D:1      | Reached skill level 3 in Fighting
   680 | D:1      | Reached XP level 3. HP: 29/29 MP: 3/3
   869 | D:1      | Gained mutation: Scrolls take you a little longer to read.
                  | [potion of mutation]
   869 | D:1      | Gained mutation: You expend magic power (3 MP) to
                  | strengthen your wands. [potion of mutation]
   869 | D:1      | Gained mutation: Your skin changes colour to match your
                  | surroundings (Stealth+). [potion of mutation]
  1255 | D:2      | Reached skill level 4 in Fighting
  1264 | D:2      | Gained mutation: You have razor-sharp toenails. [demonic
                  | ancestry]
  1264 | D:2      | Reached XP level 4. HP: 30/37 MP: 4/4
  1266 | D:2      | Reached skill level 1 in Stealth
  2146 | D:3      | Noticed Jessica
  2151 | D:3      | Killed Jessica
  2152 | D:3      | Gained mutation: You are partially covered in large bone
                  | plates. (SH +4) [demonic ancestry]
  2152 | D:3      | Reached XP level 5. HP: 38/43 MP: 5/5
  2319 | D:3      | Reached skill level 5 in Fighting
  2343 | D:3      | HP: 2/44 [something (2)]
  2793 | D:3      | Found a runed translucent door.
  2794 | D:3      | Noticed Crazy Yiuf
  2946 | D:3      | Killed Crazy Yiuf
  3912 | D:4      | Reached XP level 6. HP: 51/52 MP: 6/6
  3965 | D:4      | Reached skill level 6 in Fighting
  4130 | D:4      | Reached skill level 1 in Staves
  4290 | D:4      | Noticed a sky beast
  4301 | D:4      | Killed a sky beast
  4464 | D:5      | Entered Level 5 of the Dungeon
  4529 | D:5      | Gained mutation: You have claws for feet. [demonic
                  | ancestry]
  4529 | D:5      | Reached XP level 7. HP: 23/59 MP: 7/7
  4871 | D:5      | Reached skill level 7 in Fighting
  5556 | D:6      | Found Kogeitul's Assorted Antiques.
  5583 | D:6      | Found a staircase to the Ecumenical Temple.
  5644 | D:6      | Reached XP level 8. HP: 58/68 MP: 8/8
  5976 | D:6      | Noticed Eustachio
  5989 | D:6      | Killed Eustachio
  5990 | D:6      | Reached skill level 5 in Staves
  5999 | D:6      | Found a white marble altar of Elyvilon.
  6082 | Temple   | Entered the Ecumenical Temple
  6373 | Temple   | Became a worshipper of Qazlal Stormbringer
  6392 | D:7      | Found Ahal Efoc's Armour Emporium.
  6403 | D:7      | Lost mutation: Scrolls take you a little longer to read.
                  | [potion of mutation]
  6403 | D:7      | Gained mutation: You evolve. [potion of mutation]
  6403 | D:7      | Gained mutation: You are resistant to electric shocks.
                  | (rElec) [potion of mutation]
  6403 | D:7      | Gained mutation: You are frail. (-10% HP) [potion of
                  | mutation]
  6403 | D:7      | Gained mutation: You possess an exceptional clarity of
                  | mind. [potion of mutation]
  6540 | D:7      | Reached skill level 8 in Fighting
  6586 | D:7      | Found a transporter.
  6589 | D:7      | Found a transporter.
  6597 | D:7      | Noticed SkeletonJelly's ghost (novice PaBr)
  7132 | D:7      | Lost mutation: You are frail. (-10% HP) [evolution]
  7667 | D:8      | Reached * piety under Qazlal
  7751 | D:8      | Noticed a two-headed ogre
  7756 | D:8      | Noticed a four-headed hydra
  7766 | D:8      | Mangled by a two-headed ogre

Illustrated notes

Levels and vault maps discovered:
D:1:      lightli_iron_boxes, layout_loops_ring
D:2:      layout_basic
D:3:      layout_loops_ring, uniq_jessica, uniq_crazy_yiuf_cottage
D:4:      layout_basic, kennysheep_nub, serial_bayou_pond_c,
          minmay_misc_feat_tower
D:5:      layout_loops_ring
D:6:      layout_rooms, lemuel_doored_altar, minmay_temple_entry_large_hall,
          serial_shops, shop_fountains, uniq_eustachio
D:7:      layout_basic, serial_shops, shop, gammafunk_ghost_smash
D:8:      layout_rooms
Temple:   compressed_dpeg_triangle_lava_temple

Skill      XL: |  1  2  3  4  5  6  7  8 |
---------------+-------------------------+-----
Fighting       | 3 4 5 6 7 8 |  8.9
Stealth        | 1 2 |  2.0
Staves         | 2 4 6 |  6.8
Polearms       | |  2.6
Throwing       | |  1.7
Dodging        | |  2.6

Action                   |  1- 3 |  4- 6 |  7- 9 || total
-------------------------+-------+-------+-------++-------
Melee: Trident           |   129 |   107 |       ||   236
       Kick              |       |    39 |    44 ||    83
       Quarterstaff      |       |    54 |   147 ||   201
  Use: Scroll            |     3 |     1 |     7 ||    11
       Potion            |     1 |     2 |     2 ||     5
 Stab: Sleeping          |     3 |    15 |     7 ||    25
Armor: Leather armour    |    33 |    31 |    31 ||    95
Dodge: Dodged            |    85 |    62 |    90 ||   237
Block: Other             |       |    13 |    30 ||    43

Table legend: (Time is in decaauts)
 A = Elapsed time spent in this place.
 B = Non-inter-level travel time spent in this place.
 C = Inter-level travel time spent in this place.
 D = Time resting spent in this place.
 E = Time spent auto-exploring this place.
 F = Levels seen in this place.
 G = Mean time per level.
                   A        B        C        D        E       F      G
               +--------+--------+--------+--------+--------+-----+--------+
         Total |   7812 |   7442 |    370 |    914 |   5534 |   9 |  868.0 |
       Dungeon |   7511 |   7171 |    340 |    914 |   5266 |   8 |  938.9 |
        Temple |    300 |    270 |     30 |      0 |    268 |   1 |  300.0 |
               +--------+--------+--------+--------+--------+-----+--------+

Top non-repeatable levels by time:
     D:4: 1385 daAuts
     D:7: 1149 daAuts
     D:3: 1104 daAuts
     D:2: 1075 daAuts
     D:5: 970 daAuts
     D:1: 936 daAuts
     D:6: 664 daAuts
  Temple: 300 daAuts
     D:8: 224 daAuts
